cohdb
Replays
Latest Replays
All Replays
Popular Replays
Top Player Replays
Match Explorer
How It Works
Community
CoH3 Stats
Reddit
Sign in to upload your games and track your stats! →
Sign in with Steam
Match 43093687
Unlisted
Match 43093687
Overview
Messages
Build Orders
End
Vickers Machine Gun Team
Construct Section Command Post
Dingo Light Scout Car
Infantry Section
Infantry Section
Infantry Section
Construct Platoon Command Post
Unlock M3 Stuart Light Tanks
M3 Stuart Light Tank
Construct Field Infirmary
Royal Engineer Section
Selects Indian Artillery Battlegroup
Selects War Cry
Selects Gurkha Rifles Section
Gurkha Rifles Section
Grenade Package
Infantry Training
Selects Volunteer Infantry
STALKER4732
kit.ohume
Devochkin
็็็็็็็็็็
追坦克的喵
White pigs delete the game
0
0
Comments
sign in to comment!
No comments posted yet!